 Dungeon Crawl Stone Soup version 0.23.2-1-ga50397a6bc (webtiles) character file.

Game seed: 8499538617145072706

32617 Gargoyl the Cleaver (level 13, 0/107 HPs)
             Began as a Centaur Abyssal Knight on May 4, 2019.
             Was the Champion of Lugonu.
             Slain by a komodo dragon (10 damage)
             ... while petrified by a basilisk
             ... on level 6 of the Lair of Beasts.
             The game lasted 00:33:32 (23524 turns).

Gargoyl the Cleaver (Centaur Abyssal Knight)       Turns: 23524, Time: 00:33:34

Health: 0/107      AC: 18    Str: 18    XL:     13   Next: 32%
Magic:  20/20      EV:  1    Int: 13    God:    Lugonu [******]
Gold:   991        SH:  0    Dex: 18    Spells: 12/12 levels left

rFire    . . .     SeeInvis .   B - +0 war axe (elec)
rCold    . . .     Gourm    .   l - +1 buckler
rNeg     + + +     Faith    .   f - +4 ring mail
rPois    ∞         Spirit   .   e - +2 hat
rElec    .         Reflect  .   o - +0 cloak
rCorr    .         Harm     .   r - +0 pair of gloves
MR       .....                  (no barding)
Stlth    +.........             u - macabre finger necklace {rN+}
HPRegen  0.27/turn              A - ring of poison resistance
MPRegen  0.17/turn              z - ring of Phasing {EV+8}
                                G - +5 ring of dexterity

@: petrified, very quick
A: large, hooves 3, yellow scales 1, agile 1, clever 1, deformed body, speed 2,
tough skin 3
a: Depart the Abyss, Bend Space, Banish, Corrupt, Enter the Abyss, Brand Weapon
With Distortion, Renounce Religion


You were on level 6 of the Lair of Beasts.
You worshipped Lugonu.
Lugonu was exalted by your worship.
You were not hungry.

You visited 2 branches of the dungeon, and saw 15 of its levels.
You visited the Abyss 1 time.
You also visited: Ossuary.

You collected 1098 gold pieces.
You spent 107 gold pieces at shops.

Inventory:

Hand Weapons
 a - a +2 hand axe
 B - a +0 war axe of electrocution (weapon)
 E - a +2 war axe of draining
Missiles
 k - 3 tomahawks (quivered)
Armour
 e - a +2 hat (worn)
 f - a +4 ring mail (worn)
 l - a +1 buckler (worn)
 o - a +0 cloak (worn)
 r - a +0 pair of gloves (worn)
Jewellery
 g - an uncursed ring of protection from cold
 u - the macabre finger necklace (around neck) {rN+}
   (You found it on level 4 of the Dungeon)

   [amulet of nothing]

   It protects you from negative energy.
 z - the ring of Phasing (right hand) {EV+8}
   (You found it on level 6 of the Dungeon)

   [ring of evasion]

   It affects your evasion (+8).
 A - a ring of poison resistance (left hand)
 G - a +5 ring of dexterity (on amulet)
 M - a +5 ring of evasion
 O - a +3 ring of protection {unknown}
 P - a cursed ring of fire
Wands
 q - a wand of flame (56)
 t - a wand of scattershot (13)
 D - a wand of paralysis (19)
 K - a wand of digging (6)
 L - a wand of iceblast (12)
 R - a wand of acid (10)
Scrolls
 b - 8 scrolls of identify
 h - 7 scrolls of teleportation
 v - 3 scrolls of fog
 w - 3 scrolls of blinking
 y - 7 scrolls of remove curse
 I - a scroll of fear
 N - a scroll of amnesia
Potions
 d - 3 potions of ambrosia
 i - 3 potions of agility
 j - 2 potions of lignification
 m - a potion of invisibility
 n - 10 potions of curing
 p - 2 potions of flight
 s - a potion of cancellation
 x - 2 potions of might
 C - 5 potions of haste
 F - 3 potions of brilliance
 J - a potion of resistance {unknown}
Miscellaneous
 H - a lightning rod (4/4)
Comestibles
 c - 19 rations


   Skills:
 + Level 8.1 Fighting
 + Level 11.7 Axes
 + Level 0.7 Throwing
 * Level 8.1 Armour
 * Level 7.7 Dodging
 + Level 3.4 Shields
 * Level 10.5 Invocations


You had 12 spell levels left.
You didn't know any spells.
Your spell library contained the following spells:

 Spells                   Type           Power        Failure   Level  Hunger
 Beastly Appendage        Tmut           #.....       45%         1    ##.....
 Sandblast                Erth           #.....       45%         1    ##.....
 Summon Small Mammal      Summ           #...         45%         1    ##.....
 Call Imp                 Summ           #.......     58%         2    ###....
 Passwall                 Tmut/Erth      #.......     58%         2    ###....
 Sticks to Snakes         Tmut           #.......     58%         2    ###....
 Call Canine Familiar     Summ           #.......     83%         3    ####...
 Spider Form              Tmut/Pois      #.........   83%         3    ####...
 Stone Arrow              Conj/Erth      #.....       83%         3    ####...
 Summon Guardian Golem    Hex/Summ       #.......     83%         3    ####...
 Cause Fear               Hex            #.........   99%         4    #####..
 Ice Form                 Ice/Tmut       #.......     99%         4    #####..
 Petrify                  Tmut/Erth      #.......     99%         4    #####..
 Summon Ice Beast         Ice/Summ       #.......     99%         4    #####..
 Summon Lightning Spire   Summ/Air       #.......     99%         4    #####..
 Blade Hands              Tmut           #.........   100%        5    ######.
 Lee's Rapid Deconstruct  Erth           #.........   100%        5    ######.
 Silence                  Hex/Air        #.........   100%        5    ######.
 Yara's Violent Unravell  Hex/Tmut       #.........   100%        5    ######.
 Deflect Missiles         Chrm/Air       #.........   100%        6    #######
 Discord                  Hex            #.........   100%        8    #######


Dungeon Overview and Level Annotations

Branches:
Dungeon (9/15)             Temple (0/1) D:7            Lair (6/6) D:8
 Shoals (0/4) Lair:3        Snake (0/4) Lair:4        Slime (0/5) Lair:5
    Orc: D:9-12

Altars:
Ashenzari
Cheibriados
Dithmenos
Elyvilon
Fedhas
Hepliaklqana
Makhleb
Nemelex Xobeh
Qazlal
Ru
Trog
Uskayaw
Vehumet
Xom
Yredelemnul

Shops:
D:6 *

Annotations:
Lair:1 2 runed translucent doors, Fuac's ghost, journeyman GrEE
Lair:3 3 runed translucent doors, Kinoniko's ghost, journeyman MfGl
Lair:6 1 runed translucent door


Innate Abilities, Weirdness & Mutations

You have hooves in place of feet.
Armour fits poorly on your strangely shaped body.
You cover ground very quickly.
You have extremely tough skin. (AC +3)
You are partially covered in yellow scales. (AC +2)
You are agile. (Dex +2)
Your mind is acute. (Int +2)


Message History

The black mamba bites you but does no damage.
The basilisk bites you!
The black mamba bites you but does no damage.
The komodo dragon bites you!
* * * LOW HITPOINT WARNING * * *
The black mamba bites you but does no damage.
The lava snake spits lava at you. The glob of lava hits you!
* * * LOW HITPOINT WARNING * * *
The basilisk bites you but does no damage.
The black mamba bites you but does no damage.
The komodo dragon bites you!
* * * LOW HITPOINT WARNING * * *
The black mamba bites you!
* * * LOW HITPOINT WARNING * * *
The basilisk gazes at you.
You easily resist.
The black mamba bites you!
* * * LOW HITPOINT WARNING * * *
The komodo dragon bites you!!
You die...

........#...# ##S≈....l..#
........#...# #§≈≈≈#.....#S
..........### #≈§§S#S....≈#
....P...#..# ##§##...#
#.........####§≈#†.l≈###
....#.....###≈≈..##≈§§§§§k
..P.#.....##.≈S.l.#≈≈#####
......<..####≈SlSl§≈## ..#
P.......####≈§..@≈§§# ..
........###8≈≈...≈≈§#/.. . ..
.........###≈....§§§#).....+
... ..P.....###8≈....≈≈≈# ?....
≈§≈ #.....#.# ##≈≈....≈≈##$D..
#≈≈ ......#.#
#≈≈§§§..≈≈######§## ........#
#≈§§....§§§§≈≈≈≈§≈##
..P.#...##≈§§#§§..§#≈≈≈≈#≈≈≈≈≈#
......P.##≈§##≈≈...§##§..##


You could see a komodo dragon, a black mamba, 2 basilisks and 2 lava snakes.

Vanquished Creatures
  Harold (Lair:2)
  A necromancer (Lair:3)
  The ghost of nago the Frost Mage, a novice VSIE of Ashenzari (D:8)
  5 elephants (Lair:3)
  9 black mambas
  2 molten gargoyles
  7 spiny frogs
  A gargoyle (D:8)
  9 komodo dragons
  2 ice devils (Lair:1)
  A troll (D:9)
  A slime creature (Lair:5)
  8 blink frogs
  Grinder (D:6)
  10 hippogriffs
  6 dream sheep
  A spriggan (D:9)
  2 wyverns
  20 yaks
  3 basilisks
  3 wargs
  Menkaure (D:4)
  21 water moccasins
  4 hell hounds
  9 porcupines
  2 ice beasts
  3 orc warriors
  A black bear (Lair:3)
  2 ogres
  A phantom (D:9)
  2 elephant zombies (Lair:3)
  11 wolves
  2 centaurs (D:8)
  8 crocodiles
  An elf zombie (Ossuary)
  Blork the orc (D:5)
  10 bullfrogs
  2 komodo dragon zombies (Lair:3)
  A scorpion (D:8)
  A water moccasin skeleton (D:8)
  5 howler monkeys
  10 wights
  4 electric eels (Lair:3)
  8 crimson imps
  A bullfrog zombie (D:4)
  4 hounds
  2 lava snakes (Lair:6)
  6 quasits
  A basilisk zombie (Lair:3)
  4 jellies
  11 orc priests
  A centaur skeleton (D:7)
  A gnoll shaman (D:7)
  2 human zombies (Ossuary)
  Crazy Yiuf (D:3)
  An iguana (D:7)
  12 orc wizards
  2 bullfrog skeletons (D:6)
  Natasha (thrice) (D:4)
  6 worker ants
  2 big kobold zombies (Ossuary)
  2 hound zombies
  2 mummies (Ossuary)
  A worker ant zombie (D:9)
  2 howler monkey skeletons (D:8)
  14 gnolls
  9 adders
  A shadow imp (D:7)
  2 oozes
  2 adder skeletons
  2 adder zombies (Ossuary)
  3 worms (D:3)
  A dart slug (D:2)
  6 leopard geckos
  45 orcs
  5 giant cockroaches
  7 goblins
  15 hobgoblins
  12 jackals
  7 kobolds
  7 quokkas
  A ball python (D:1)
  6 bats
  7 frilled lizards
  A goblin zombie (Ossuary)
  8 hobgoblin zombies (Ossuary)
  A jackal skeleton (D:4)
  A jackal zombie (Ossuary)
  12 kobold zombies (Ossuary)
  8 orc zombies (Ossuary)
  A quokka zombie (D:6)
  5 rats
  6 fungi
  A plant (Lair:4)
467 creatures vanquished.

Vanquished Creatures (collateral kills)
  A hydra (Lair:5)
  A bullfrog (Lair:5)
2 creatures vanquished.

Vanquished Creatures (others)
  3 hydras
  A hell hound (Lair:6)
  An orc warrior (D:5)
  3 fungi
  2 plants
10 creatures vanquished.

Grand Total: 479 creatures vanquished

Notes
Turn   | Place    | Note
-------+----------+-------------------------------------------
     0 | Abyss:1  | Gargoyl the Centaur Abyssal Knight began the quest for the
                  | Orb.
     0 | Abyss:1  | Reached XP level 1. HP: 19/19 MP: 2/2
   106 | Abyss:1  | Noticed a large abomination
   125 | Abyss:1  | Noticed a raiju
   139 | Abyss:1  | Noticed a large abomination
   150 | Abyss:1  | Noticed an iron imp
   156 | Abyss:1  | Noticed a flayed ghost
   162 | Abyss:1  | Noticed an eidolon
   174 | Abyss:1  | Noticed a rust devil
   175 | D:1      | Escaped the Abyss
   268 | D:1      | Reached * piety under Lugonu
   318 | D:1      | Reached XP level 2. HP: 26/26 MP: 3/3
   390 | D:1      | Reached skill level 2 in Axes
   653 | D:1      | Reached skill level 1 in Dodging
   713 | D:1      | Reached XP level 3. HP: 31/31 MP: 4/4
  1169 | D:2      | Reached ** piety under Lugonu
  1177 | D:2      | Reached XP level 4. HP: 29/38 MP: 5/5
  1220 | D:2      | Found a hide-covered altar of Uskayaw.
  1513 | D:2      | Reached skill level 3 in Axes
  1710 | D:2      | Found a radiant altar of Vehumet.
  1888 | D:2      | Reached XP level 5. HP: 16/45 MP: 7/7
  2340 | D:3      | Reached XP level 6. HP: 22/52 MP: 8/8
  2759 | D:3      | Reached *** piety under Lugonu
  2857 | D:3      | Found a shattered altar of Ashenzari.
  3310 | D:3      | Found a runed translucent door.
  3311 | D:3      | Noticed Crazy Yiuf
  3459 | D:3      | Killed Crazy Yiuf
  3716 | D:4      | Found a sparkling altar of Nemelex Xobeh.
  3789 | D:4      | Found a sand-covered staircase.
  3799 | Ossuary  | Entered an ossuary
  3957 | Ossuary  | Reached skill level 4 in Axes
  3958 | Ossuary  | Reached **** piety under Lugonu
  3972 | Ossuary  | Reached XP level 7. HP: 49/58 MP: 9/9
  4434 | D:4      | Noticed Menkaure
  4441 | D:4      | Killed Menkaure
  4772 | D:4      | Found the macabre finger necklace {rN+}
  4849 | D:4      | Found a glowing golden altar of the Shining One.
  4851 | D:4      | Found a bloodstained altar of Trog.
  4851 | D:4      | Found a shimmering altar of Xom.
  4851 | D:4      | Noticed Natasha
  4853 | D:4      | Found a shimmering altar of Xom.
  4853 | D:4      | Found a white marble altar of Elyvilon.
  4853 | D:4      | Found a basalt altar of Yredelemnul.
  4860 | D:4      | Killed Natasha
  5133 | D:4      | Noticed Natasha
  5140 | D:4      | Killed Natasha
  5140 | D:4      | Reached skill level 5 in Axes
  5175 | D:5      | Entered Level 5 of the Dungeon
  5209 | D:4      | Reached XP level 8. HP: 41/66 MP: 11/11
  5686 | D:4      | Reached skill level 5 in Invocations
  5691 | D:4      | Noticed Natasha
  5698 | D:4      | Killed Natasha
  6326 | D:5      | Noticed Blork the orc
  6337 | D:5      | Killed Blork the orc
  6538 | D:5      | Found a basalt altar of Yredelemnul.
  6586 | D:5      | HP: 3/67 [orc warrior/+0 hand axe (10)]
  7484 | D:6      | Found the ring of Phasing {EV+8}
  7593 | D:6      | Found Atadyne's General Store.
  7606 | D:6      | Bought a +0 war axe of electrocution for 107 gold pieces
  7645 | D:6      | Found a white marble altar of Elyvilon.
  7805 | D:6      | Noticed Grinder
  7838 | D:6      | Reached XP level 9. HP: 49/73 MP: 13/13
  7844 | D:6      | Killed Grinder
  7844 | D:6      | Reached skill level 6 in Axes
  7844 | D:6      | Reached skill level 1 in Shields
  7995 | D:6      | Found a stormy altar of Qazlal.
  8440 | D:7      | Found a staircase to the Ecumenical Temple.
  8481 | D:7      | Reached skill level 5 in Fighting
  8481 | D:7      | Reached skill level 5 in Armour
  8922 | D:7      | Reached ***** piety under Lugonu
  9578 | D:7      | Found a shadowy altar of Dithmenos.
  9742 | D:7      | Found a burning altar of Makhleb.
  9742 | D:7      | Found a snail-covered altar of Cheibriados.
  9747 | D:7      | Found a hazy altar of Hepliaklqana.
  9749 | D:7      | Found a blossoming altar of Fedhas.
  9750 | D:7      | Found a sacrificial altar of Ru.
 10053 | D:8      | Found a staircase to the Lair.
 10786 | D:8      | Reached skill level 7 in Axes
 10786 | D:8      | Reached XP level 10. HP: 61/81 MP: 15/15
 11256 | D:8      | Found a transporter.
 11327 | D:8      | Noticed nago's ghost (novice VSIE)
 11372 | D:8      | Found a transporter.
 11399 | D:8      | Killed nago's ghost
 11892 | D:9      | Noticed a gargoyle
 12121 | D:8      | Killed a gargoyle
 12121 | D:8      | Reached skill level 5 in Dodging
 12536 | D:9      | Reached skill level 8 in Axes
 12970 | Lair:1   | Entered Level 1 of the Lair of Beasts
 13286 | D:8      | Reached XP level 11. HP: 68/89 MP: 17/17
 13295 | D:8      | Reached ****** piety under Lugonu
 13546 | Lair:1   | Found a large runed translucent door.
 13547 | Lair:1   | Found a large runed translucent door.
 13551 | Lair:1   | Noticed Fuac's ghost (journeyman GrEE)
 14016 | Lair:1   | Reached skill level 9 in Axes
 14941 | Lair:2   | Noticed Harold
 14957 | Lair:2   | Killed Harold
 16535 | Lair:3   | Found a runed translucent gate.
 16536 | Lair:3   | Noticed a seven-headed hydra
 16579 | Lair:3   | Reached skill level 10 in Axes
 16626 | Lair:3   | Found a staircase to the Shoals.
 16802 | Lair:3   | Noticed a seven-headed hydra
 16805 | Lair:3   | Banished a seven-headed hydra
 16842 | Lair:3   | Reached XP level 12. HP: 100/100 MP: 18/18
 16887 | Lair:3   | Noticed Kinoniko's ghost (journeyman MfGl)
 16889 | Lair:3   | Found a runed translucent gate.
 16953 | Lair:3   | Found a runed translucent gate.
 18766 | Lair:4   | Found a staircase to the Snake Pit.
 19639 | Lair:5   | Noticed a six-headed hydra
 19640 | Lair:5   | Banished a six-headed hydra
 19663 | Lair:5   | Noticed a four-headed hydra
 19673 | Lair:5   | Killed a four-headed hydra
 19799 | Lair:5   | Reached skill level 11 in Axes
 19856 | Lair:5   | Found a staircase to the Slime Pits.
 20032 | Lair:5   | Gained mutation: You are agile. (Dex +2) [potion of
                  | mutation]
 20032 | Lair:5   | Gained mutation: You are partially covered in yellow
                  | scales. (AC +2) [potion of mutation]
 20032 | Lair:5   | Gained mutation: Your mind is acute. (Int +2) [potion of
                  | mutation]
 20590 | Lair:5   | Reached skill level 10 in Invocations
 20876 | Lair:6   | Entered Level 6 of the Lair of Beasts
 21561 | Lair:6   | Reached XP level 13. HP: 86/107 MP: 20/20
 23399 | Lair:6   | Noticed a fire dragon
 23457 | Lair:6   | Found a large runed translucent door.
 23524 | Lair:6   | Slain by a komodo dragon

Skill      XL: |  1  2  3  4  5  6  7  8  9 10 11 12 13 |
---------------+----------------------------------------+-----
Axes           | 2 3 4 5 7 8 10 11 | 11.7
Dodging        | 1 2 3 4 5 6 7 |  7.7
Armour         | 2 3 4 5 6 7 8 |  8.1
Invocations    | 3 4 5 6 8 9 10 | 10.5
Fighting       | 4 5 6 7 8 |  8.1
Shields        | 1 2 3 |  3.4
Throwing       | |  0.7

Action                   |  1- 3 |  4- 6 |  7- 9 | 10-12 | 13-15 || total
-------------------------+-------+-------+-------+-------+-------++-------
Melee: Hand axe          |    83 |   306 |   338 |       |       ||   727
       Kick              |    12 |    68 |   111 |   221 |    70 ||   482
       War axe           |       |       |   194 |   709 |   175 ||  1078
Throw: Tomahawk          |       |       |     4 |     3 |       ||     7
Invok: Depart the Abyss  |     1 |       |       |       |       ||     1
       Banish            |       |       |     1 |     2 |     1 ||     4
       Bend Space        |       |       |       |     2 |       ||     2
  Use: Scroll            |     2 |    10 |     3 |    17 |     1 ||    33
       Potion            |     1 |     2 |     3 |     1 |       ||     7
  Eat: Chunk             |       |     8 |     3 |    21 |     3 ||    35
       Ration            |       |       |     5 |     3 |     1 ||     9
Armor: Ring mail         |    66 |   187 |   322 |   223 |    57 ||   855
Dodge: Dodged            |    34 |   130 |   286 |   718 |   157 ||  1325
Block: Buckler           |       |    26 |    81 |   161 |    44 ||   312
